Description

Standard opening after the 5.0.16 patch

Replay - tvt-8-worker-standard

Build Order

Get SALT Encoding   

  8  0:00  SCV  
  9  0:12  SCV  
  10  0:24  SCV  
  11  0:34  Supply Depot  
  11  0:36  SCV  
  12  0:48  SCV  
  13  0:58  Barracks  
  13  1:01  SCV  
  13  1:03  Refinery  
  14  1:13  SCV  
  14  1:15  Refinery  
  15  1:25  SCV  
  16  1:37  SCV  
  17  1:45  Reaper  
  18  1:49  Orbital Command  
  18  2:04  Factory  
  18  2:11  Supply Depot  
  19  2:15  SCV  
  19  2:18  Reaper  
  22  2:49  Hellion  
  24  2:57  Command Center  
  25  2:59  Barracks Reactor  
  26  3:11  Starport  
  26  3:15  Widow Mine  
  28  3:21  Supply Depot  
  29  3:38  Factory Tech Lab  
  29  3:46  Marine x2  
  32  3:53  Starport Tech Lab  
  33  3:57  Cyclone  
  36  4:03  Refinery  
  37  4:10  Orbital Command  
  37  4:12  Marine x2  
  37  4:16  Raven  
  43  4:32  Supply Depot  
  43  4:37  Siege Tank  
  49  4:54  Raven  
  52  5:02  Supply Depot  
  53  5:10  Hellion  
  58  5:28  Command Center  
Spawning Tool Build Advisor. Get it on Overwolf

Go to:

Details

  • Created by: StoicLoofah
  • Published on: Jun 25, 2026
  • Patch: 5.0.16
  • Difficulty: Easy
Show
View Real Time Build Order
Export as new Build Order

Comments (0)

There are no comments. Be the first!

Create an account to comment!